 Dungeon Crawl Stone Soup version 0.18.1-8-gdd0e5ea (webtiles) character file.

767 Quirk the Skirmisher (level 7, -1/63 HPs)
             Began as a Minotaur Fighter on June 9, 2016.
             Slain by Duvessa
             ... wielding a +0 short sword
              (6 damage)
             ... on level 4 of the Dungeon.
             The game lasted 00:07:19 (3128 turns).

Quirk the Skirmisher (Minotaur Fighter)             Turns: 3128, Time: 00:07:19

Health: -1/63      AC:  5    Str: 21    XL:     7   Next: 52%
Magic:  6/6        EV: 11    Int:  5    God:
Gold:   230        SH: 10    Dex: 11    Spells: 0 memorised, 6 levels left

rFire  . . .     SeeInvis .     a - +0 war axe
rCold  . . .     Gourm    .     w - +0 leather armour {rPois}
rNeg   . . .     Faith    .     c - +0 shield
rPois  +         Spirit   .     (helmet restricted)
rElec  .         Dismiss  .     A - +0 cloak
rCorr  .         Reflect  .     (no gloves)
SustAt .         Harm     .     (no boots)
MR     .....                    (no amulet)
Stlth  ++........               (no ring)
                                b - ring of stealth

@: not resistant to hostile enchantments, unstealthy
A: retaliatory headbutt, horns 2
a: no special abilities


You were on level 4 of the Dungeon.
You were not hungry.

You visited 1 branch of the dungeon, and saw 4 of its levels.

You collected 230 gold pieces.

Inventory:

Hand Weapons
 a - a +0 war axe (weapon)
 e - a +0 whip of freezing
 y - a +3 quarterstaff of chaos
Armour
 c - a +0 shield (worn)
 w - a +0 leather armour of poison resistance (worn)
 A - a +0 cloak (worn)
Jewellery
 b - a ring of stealth (left hand)
Wands
 s - a wand of polymorph (9/24)
 v - a wand of lightning (8/15)
Scrolls
 h - a scroll of immolation {unknown}
 i - 4 scrolls of remove curse
 j - a scroll of teleportation {unknown}
 k - 3 scrolls of identify
 l - 3 scrolls of enchant weapon {unknown}
 m - a scroll of amnesia {unknown}
 o - a scroll of random uselessness {unknown}
 q - a scroll of blinking {unknown}
Potions
 t - a potion of curing
 x - 2 potions of lignification
Books
 d - a book of the Warp

   Spells                             Type                      Level
   a - Recall                         Summoning/Translocation      3
   b - Gell's Gravitas                Hexes/Translocation          3
   c - Force Lance                    Conjuration/Translocation    4
   d - Warp Weapon                    Charms/Translocation         5
   e - Summon Forest                  Summoning/Translocation      5
Comestibles
 f - 3 bread rations
 g - 4 meat rations
 p - a slice of pizza
 u - 6 fruits


   Skills:
 + Level 6.0 Fighting
 + Level 5.1 Axes
 + Level 5.6 Armour
 + Level 3.8 Dodging
 + Level 5.5 Shields


You had 6 spell levels left.
You didn't know any spells.

Dungeon Overview and Level Annotations

Branches:
Dungeon (4/15)
 Temple: D:4-7

Altars:
Makhleb

Annotations:
D:4 Duvessa


Innate Abilities, Weirdness & Mutations

You reflexively headbutt those who attack you in melee.
You have a pair of horns on your head.


Message History

You closely miss Duvessa. You headbutt Duvessa!
Duvessa is almost dead.
You block Duvessa's attack. Duvessa barely misses you.
You hit Duvessa.
Duvessa is almost dead.
You block Duvessa's attack. x2; Duvessa hits you with a short sword!
* * * LOW HITPOINT WARNING * * *
You closely miss Duvessa. You headbutt Duvessa, but do no damage.
Duvessa is almost dead.
You block Duvessa's attack.
You barely miss Duvessa.
Duvessa is almost dead.
Duvessa hits you with a short sword!
* * * LOW HITPOINT WARNING * * *
You block Duvessa's attack.
Your shield prevents you from hitting Duvessa.
Duvessa is almost dead.
Duvessa is no longer berserk.
Duvessa zaps a wand.
Duvessa looks slightly unstable.
Duvessa hits you with a short sword.
You die...

##########
########........########
)....................[..
#............########
#............#
#...@######### #...e#
#..).# #....# #....#
...... #######


You could see Duvessa.

Vanquished Creatures
  The ghost of Kiel97 the Skirmisher, a novice HuMo of Elyvilon (D:4)
  A wasp (D:4)
  An ogre (D:4)
  Dowan (D:4)
  A crimson imp (D:3)
  Crazy Yiuf (D:4)
  An orc wizard (D:3)
  A gnoll (D:1)
  3 adders
  5 oozes
  A worm (D:2)
  A dart slug (D:3)
  12 orcs
  2 giant cockroaches
  9 goblins
  7 hobgoblins
  10 jackals
  3 quokkas
  A ball python (D:1)
  6 bats
  3 giant newts
  6 kobolds
  10 rats
87 creatures vanquished.

Notes
Turn   | Place    | Note
--------------------------------------------------------------
     0 | D:1      | Quirk the Minotaur Fighter began the quest for the Orb.
     0 | D:1      | Reached XP level 1. HP: 19/19 MP: 0/0
   282 | D:1      | Reached XP level 2. HP: 24/27 MP: 1/1
   551 | D:1      | Reached XP level 3. HP: 28/33 MP: 2/2
   770 | D:2      | Reached skill level 1 in Dodging
  1023 | D:2      | Reached skill level 4 in Fighting
  1387 | D:3      | Reached XP level 4. HP: 40/40 MP: 3/3
  1546 | D:3      | Found a burning altar of Makhleb.
  1636 | D:3      | Reached XP level 5. HP: 44/47 MP: 4/4
  2259 | D:4      | Noticed a wasp
  2263 | D:4      | Killed a wasp
  2263 | D:4      | Reached skill level 5 in Fighting
  2263 | D:4      | Reached XP level 6. HP: 39/56 MP: 5/5
  2322 | D:4      | Noticed Duvessa
  2322 | D:4      | Reached skill level 5 in Armour
  2324 | D:4      | Noticed Dowan
  2336 | D:4      | Killed Dowan
  2490 | D:4      | Noticed Crazy Yiuf
  2500 | D:4      | Killed Crazy Yiuf
  2500 | D:4      | Reached skill level 5 in Shields
  2557 | D:4      | Noticed Kiel97's ghost (novice HuMo)
  3017 | D:4      | Killed Kiel97's ghost
  3017 | D:4      | Reached skill level 5 in Axes
  3017 | D:4      | Reached XP level 7. HP: 31/62 MP: 6/6
  3039 | D:4      | Reached skill level 6 in Fighting
  3128 | D:4      | Slain by Duvessa

Skill      XL: |  1  2  3  4  5  6  7 |
---------------+----------------------+-----
Axes           | 3 4 5 |  5.1
Shields        | 4 5 |  5.5
Dodging        | 1 2 3 |  3.8
Armour         | 4 5 |  5.6
Fighting       | 4 5 6 |  6.0

Action                   |  1- 3 |  4- 6 |  7- 9 || total
-------------------------+-------+-------+-------++-------
Melee: War axe           |    73 |    97 |    15 ||   185
       Headbutt          |     9 |    12 |     3 ||    24
  Use: Scroll            |       |     5 |       ||     5
       Potion            |       |     1 |       ||     1
 Stab: Sleeping          |       |     2 |     1 ||     3
  Eat: Chunk             |     1 |     5 |       ||     6
       Beef jerky        |       |     1 |       ||     1
Armor: Scale mail        |    40 |     3 |       ||    43
       Leather armour    |       |    17 |     2 ||    19
Dodge: Dodged            |    27 |    44 |     7 ||    78
Block: Shield            |    41 |    56 |    11 ||   108
